[Event "AUT-ch U14 Boys 2022"]
[Site "Sankt Veit an der Glan"]
[Date "2022.04.12"]
[Round "5.4"]
[White "Jetzl, Julian"]
[Black "Pavlov, Alexander"]
[Result "0-1"]
[ECO "D35"]
[WhiteElo "1868"]
[BlackElo "1751"]
[Annotator "NA RC"]
[PlyCount "134"]
[EventDate "2022.04.11"]
[EventType "swiss"]
[EventCountry "AUT"]
[SourceTitle "playchess.com"]
[Source "ChessBase"]
[SourceQuality "1"]
[TimeControl "5400+30"]

1. d4 d5 2. c4 e6 3. Nc3 Nf6 4. cxd5 exd5 5. Bg5 Be7 6. e3 c6 7. Bd3 Nbd7 8. Nge2 O-O 9. Qc2 Re8 10. O-O Nf8 11. Rad1 g6 12. f3 Ne6 13. Bh4 b5 14. Bf2 Bb7 15. Kh1 a6 16. e4 Rc8 17. e5 Nh5 18. Qd2 Bg5 19. Be3 Bxe3 20. Qxe3 Nhg7 21. b4 f5 22. f4 Qe7 23. a3 Rf8 24. Qh3 Rf7 25. g4 $2 (25. Na2 $14 {keeps the upper hand.}) 25... Rcf8 26. g5 Nh5 27. Qe3 Ra8 28. Ng3 Nhg7 29. h4 (29. Kg1 $11) 29... Ne8 30. Rf2 N8c7 (30... a5 $11 {remains equal.}) 31. Rh2 a5 32. Na2 axb4 33. axb4 Ra4 34. h5 Na6 35. Rb1 Nxb4 36. Nxb4 Rxb4 37. hxg6 (37. Rxb4 $16 Qxb4 38. hxg6 hxg6 39. Rh6 Qxd4 40. Qxd4 (40. Rxg6+ Kh8 $16) 40... Nxd4 41. Rxg6+ Kf8 42. Rh6) 37... Rxb1+ 38. Bxb1 hxg6 39. Nxf5 Qb4 40. Nh6+ Kg7 41. Nxf7 Qxb1+ 42. Kg2 Kxf7 43. Rh7+ Ke8 44. Rxb7 Qb2+ 45. Kh3 Nxd4 46. e6 Qa1 47. Rb8+ Ke7 48. Rb7+ Ke8 49. Kg2 Qb2+ 50. Kf1 Qb1+ 51. Kf2 Qc2+ 52. Ke1 Qb1+ 53. Kf2 Qc2+ 54. Kg1 Qd1+ 55. Kg2 Qg4+ 56. Kf2 Qd1 57. Rb8+ Ke7 58. Qa3+ b4 59. Qa7+ Kxe6 60. Re8+ Kf5 61. Qd7+ Kxf4 62. Qd6+ Kxg5 63. Re5+ Nf5 64. Qd8+ $2 (64. Qxb4 $17 Qa1 65. Re1 Qa7+ 66. Kf3) 64... Kf4 65. Re2 Qd4+ ({Worse is} 65... Kg4 66. Re4+ Kh3 67. Qh8+ Qh5 68. Qxh5+ gxh5 69. Rxb4 $11) 66. Kg2 Ne3+ 67. Kg1 Qd1+ 0-1

[Event "AUT-ch U14 Boys 2022"]
[Site "Sankt Veit an der Glan"]
[Date "2022.04.12"]
[Round "5.5"]
[White "Gruenwald, Simon"]
[Black "Standhartinger, Joachim"]
[Result "1/2-1/2"]
[ECO "C54"]
[WhiteElo "1584"]
[BlackElo "1729"]
[Annotator "NA RC"]
[PlyCount "61"]
[EventDate "2022.04.11"]
[EventType "swiss"]
[EventCountry "AUT"]
[SourceTitle "playchess.com"]
[Source "ChessBase"]
[SourceQuality "1"]
[TimeControl "5400+30"]

1. e4 e5 2. Nf3 Nc6 3. Bc4 Bc5 4. c3 Nf6 5. d3 O-O 6. O-O d6 7. h3 h6 8. Re1 a6 9. Bb3 Ba7 10. Nbd2 Be6 11. Nf1 Ne7 12. Ng3 Ng6 13. Nh2 Nh7 14. Ng4 Qd7 15. Kf1 Bxg4 16. Qxg4 Qxg4 17. hxg4 Nf6 18. g5 hxg5 19. Bxg5 Ng4 20. f3 Bf2 21. Nf5 Bxe1 22. Rxe1 Nf6 23. Bxf6 gxf6 24. Kf2 Rae8 25. Rh1 Ne7 26. g4 Nxf5 27. gxf5 Kg7 28. Rg1+ Kh7 29. Rh1+ Kg7 30. Rg1+ Kh7 31. Rh1+ 1/2-1/2

[Event "AUT-ch U14 Boys 2022"]
[Site "Sankt Veit an der Glan"]
[Date "2022.04.12"]
[Round "5.7"]
[White "Radnaev, Nomin"]
[Black "Winkelbauer, Christian"]
[Result "1-0"]
[ECO "A88"]
[WhiteElo "1766"]
[BlackElo "1577"]
[Annotator "NA RC"]
[PlyCount "81"]
[EventDate "2022.04.11"]
[EventType "swiss"]
[EventCountry "AUT"]
[SourceTitle "playchess.com"]
[Source "ChessBase"]
[SourceQuality "1"]
[TimeControl "5400+30"]

1. d4 f5 2. Nf3 Nf6 3. g3 g6 4. Bg2 Bg7 5. O-O O-O 6. c4 d6 7. Nc3 c6 8. Re1 Qe8 9. e4 fxe4 10. Nxe4 Nxe4 11. Rxe4 Bf5 12. Re1 Bg4 13. Be3 Bxf3 14. Bxf3 Qf7 15. Be2 e5 16. dxe5 Bxe5 17. f4 Bxb2 18. Rb1 Bc3 19. Rf1 Qg7 20. Qxd6 Na6 21. Rbd1 Rfe8 22. Rf3 Bb4 23. c5 Ba5 24. Bc4+ Kh8 25. Bd4 Rad8 26. Bxg7+ Kxg7 27. Bxa6 Rxd6 28. Rxd6 bxa6 29. Rxc6 Re1+ 30. Kg2 Rc1 31. Ra3 Bb4 32. Ra4 Bxc5 33. Raxa6 Rg1+ 34. Kh3 Bb6 35. Ra4 Re1 36. Rac4 h5 37. Rc2 Be3 38. Re6 Kf7 39. Re4 Kf6 40. Rc6+ Kf7 41. Rce6 1-0

[Event "AUT-ch U14 Boys 2022"]
[Site "Sankt Veit an der Glan"]
[Date "2022.04.12"]
[Round "5.8"]
[White "Maier, Tobias"]
[Black "Guba, Viktor"]
[Result "1/2-1/2"]
[ECO "B30"]
[WhiteElo "1388"]
[BlackElo "1598"]
[Annotator "NA RC"]
[PlyCount "88"]
[EventDate "2022.04.11"]
[EventType "swiss"]
[EventCountry "AUT"]
[SourceTitle "playchess.com"]
[Source "ChessBase"]
[SourceQuality "1"]
[TimeControl "5400+30"]

1. e4 c5 2. Nf3 Nc6 3. Bb5 d6 4. Bxc6+ bxc6 5. d3 e5 6. Nc3 Nf6 7. O-O g6 8. h3 Bg7 9. Be3 O-O 10. Qd2 Ba6 11. Bh6 Re8 12. Bxg7 Kxg7 13. Rfe1 Qc7 14. Ne2 c4 15. Ng3 Rad8 16. Nf5+ Kh8 17. Qh6 Nh5 18. Ng7 Rg8 19. Nxh5 gxh5 20. Qf6+ Rg7 21. Nh4 Kg8 22. Nf5 Rg6 23. Ne7+ Kf8 24. Nxg6+ hxg6 25. d4 exd4 26. Qxd4 Kg8 27. Rad1 Qe7 28. e5 d5 29. Qf4 g5 30. Qf6 Qxf6 31. exf6 Kh7 32. Re7 Kg6 33. Rxa7 Bc8 34. Ra8 Bg4 35. Rxd8 Bxd1 36. a4 Bxc2 37. a5 Bd3 38. a6 c3 39. bxc3 Bxa6 40. Rd6 Bb5 41. g4 hxg4 42. hxg4 Be2 43. Rxc6 Bxg4 44. Kg2 Be6 1/2-1/2

[Event "AUT-ch U14 Boys 2022"]
[Site "Sankt Veit an der Glan"]
[Date "2022.04.12"]
[Round "5.9"]
[White "Wohlgenannt, Nicolas"]
[Black "Gan-Erdene, Ganbat"]
[Result "0-1"]
[ECO "C55"]
[WhiteElo "1692"]
[BlackElo "1526"]
[Annotator "NA RC"]
[PlyCount "46"]
[EventDate "2022.04.11"]
[EventType "swiss"]
[EventCountry "AUT"]
[SourceTitle "playchess.com"]
[Source "ChessBase"]
[SourceQuality "1"]
[TimeControl "5400+30"]

1. e4 e5 2. Nf3 Nc6 3. d4 exd4 4. Bc4 Nf6 5. e5 d5 6. Bb5 Ne4 7. Nxd4 Bd7 8. Bxc6 Bxc6 9. O-O Qd7 10. Be3 O-O-O 11. f3 Nc5 12. Nc3 Ne6 13. f4 Nxd4 14. Qxd4 b6 15. b4 Bb7 16. b5 Bc5 17. Qd3 Bxe3+ 18. Qxe3 d4 19. Qg3 dxc3 20. Qxc3 Qd5 21. Rf3 Qd4+ 22. Qxd4 Rxd4 23. Rg3 g6 0-1

[Event "AUT-ch U14 Boys 2022"]
[Site "Sankt Veit an der Glan"]
[Date "2022.04.12"]
[Round "5.12"]
[White "Roessler, Felix"]
[Black "Kienboeck, Samuel"]
[Result "1-0"]
[ECO "D06"]
[WhiteElo "1512"]
[BlackElo "1068"]
[Annotator "NA RC"]
[PlyCount "77"]
[EventDate "2022.04.11"]
[EventType "swiss"]
[EventCountry "AUT"]
[SourceTitle "playchess.com"]
[Source "ChessBase"]
[SourceQuality "1"]
[TimeControl "5400+30"]

1. d4 d5 2. c4 Nf6 3. cxd5 Nxd5 4. e4 Nf6 5. Nc3 Nc6 6. d5 Ne5 7. f4 Ng6 8. e5 Ng8 9. Bc4 e6 10. Qb3 Qh4+ 11. g3 Qe7 12. Be3 Qb4 13. dxe6 fxe6 14. Bxe6 Qxb3 15. Bxb3 Bb4 16. Bd2 Bxc3 17. Bxc3 Bf5 18. Bd5 O-O-O 19. Bf3 h5 20. Ne2 Rd3 21. Rf1 Bg4 22. Bxg4+ hxg4 23. Rf2 Rf3 24. h4 gxh3 25. Rxf3 h2 26. Kd2 h1=Q 27. Rxh1 Rxh1 28. f5 Nh8 29. e6 Nf6 30. g4 Ne4+ 31. Kc2 Nxc3 32. Kxc3 Rd1 33. Rd3 Rxd3+ 34. Kxd3 Kd8 35. Ke4 Ke7 36. Ke5 c6 37. g5 a5 38. a4 b5 39. Nd4 1-0

[Event "AUT-ch U14 Boys 2022"]
[Site "Sankt Veit an der Glan"]
[Date "2022.04.13"]
[Round "6.1"]
[White "Ernst, Robert"]
[Black "Nguyen, Le Minh Phu"]
[Result "1/2-1/2"]
[ECO "B23"]
[WhiteElo "1792"]
[BlackElo "2080"]
[Annotator "TA"]
[PlyCount "49"]
[EventDate "2022.04.11"]
[EventType "swiss"]
[EventCountry "AUT"]
[SourceTitle "playchess.com"]
[Source "ChessBase"]
[SourceQuality "1"]
[TimeControl "5400+30"]

1. e4 c5 2. Nc3 d6 3. d4 cxd4 4. Qxd4 Nf6 5. Be3 {[%emt 0:01:54] [#]} e5 $146 ({Predecessor:} 5... Nc6 6. Qd2 Bd7 7. f3 Rc8 8. O-O-O a6 9. g4 b5 10. Kb1 e6 11. Nge2 Ne5 {0-1 (32) Olcayoz,A (2244)-Gokerkan,C (2465) Tornelo INT 2021}) 6. Qd3 {[%emt 0:03:48] B23: Closed Sicilian: Lines without g3.} Be7 7. O-O-O a6 8. Kb1 {[%emt 0:02:05] White is slightly better.} Nbd7 9. Nf3 (9. Nge2 $14) 9... Qc7 10. Nh4 Nc5 11. Bxc5 Qxc5 12. f3 {[%emt 0:02:13] Prevents Ng4.} b5 13. Nf5 $1 Bxf5 14. exf5 Rc8 15. Ne4 Nxe4 16. fxe4 O-O 17. Be2 (17. h4 {with more complications.} Qf2 18. c3 Rc4 19. a3) 17... Qb6 18. g4 Rc6 19. h4 Rfc8 20. Rd2 Qa5 {[%emt 0:07:26] [#]} (20... Rc4 $14) 21. g5 $1 $16 {[%emt 0:07:37][%cal Of5f6] Black must now prevent f6!} Rc4 (21... Qb4 $16) 22. Qd5 R4c5 23. Qd3 {[%emt 0:00:14][%cal Of5f6] Threatens to win with f6!} Rc4 $1 {[%emt 0:00:09] And now ...Rd4 would win.} 24. Qd5 {[%emt 0:00:06] Prevents Rd4.} ({White should try} 24. c3 $16) 24... R4c5 $11 25. Qd3 {[%emt 0:00:05] Weighted Error Value: White=0.32/Black=0.13 (very precise)} 1/2-1/2

[Event "AUT-ch U14 Boys 2022"]
[Site "Sankt Veit an der Glan"]
[Date "2022.04.13"]
[Round "6.2"]
[White "Geroe, Leonhard"]
[Black "Pavlov, Alexander"]
[Result "1-0"]
[ECO "D58"]
[WhiteElo "1935"]
[BlackElo "1751"]
[Annotator "TA"]
[PlyCount "137"]
[EventDate "2022.04.11"]
[EventType "swiss"]
[EventCountry "AUT"]
[SourceTitle "playchess.com"]
[Source "ChessBase"]
[SourceQuality "1"]
[TimeControl "5400+30"]

1. d4 d5 2. c4 e6 3. Nf3 Be7 4. Nc3 Nf6 5. Bg5 h6 6. Bh4 b6 7. e3 O-O 8. Be2 {is cutting edge theory.} Bb7 9. O-O Nbd7 10. cxd5 {[%emt 0:05:18] D58: Queen's Gambit Declined: Tartakower Defence.} Nxd5 11. Bg3 N7f6 12. Rc1 {[%emt 0:05:17] The position is equal.} c5 13. Bd3 {[%emt 0:10:11] [#]} cxd4 $146 ({Predecessor:} 13... Rc8 14. Qe2 cxd4 15. exd4 Nb4 16. Bb5 a6 17. Ba4 Nbd5 18. Ne5 Nxc3 19. bxc3 Qd5 20. Nf3 {0-1 (36) Lazarev,V (2445)-Vaganian,R (2590) Neu Isenburg 1992}) 14. Nxd4 Nxc3 15. Rxc3 Nd5 {[%emt 0:00:31] Against Rc7} 16. Rc1 Bd6 17. Qg4 {[%emt 0:10:31][%cal Od4e6] [#] Strongly threatening Nxe6!} Nf6 18. Qh3 Bxg3 19. Qxg3 Rb8 20. Rc7 {[%emt 0:09:54][%cal Od4e6] Nxe6! is the strong threat.} Qd5 21. Bc4 Qe4 (21... Qg5 $11) 22. Be2 {[%emt 0:05:52] aiming for Bf3.} Nd5 $2 {[%emt 0:14:47] [#]} (22... Qh7 $14) 23. Bf3 $40 {[%emt 0:01:32][%mdl 128] White wants a kill.} (23. Rd7 $1 $18) 23... Qg6 $16 24. Qxg6 fxg6 25. Bxd5 exd5 26. Rfc1 {[%emt 0:01:05] &Bianco is more active.} Rfc8 (26... Rbc8 $16) 27. Ne6 Rxc7 28. Rxc7 $18 {[%emt 0:00:19][%mdl 4096] Endgame KRB-KRN} Rc8 $2 (28... d4 {is a better defense.} 29. Rxg7+ Kh8) 29. Rxg7+ Kh8 30. h3 Rc6 31. Rxb7 Rxe6 32. Rxa7 {[%emt 0:00:13] KR-KR} Rc6 33. g3 Rc2 34. b3 Rc6 35. Kg2 h5 36. Rd7 b5 37. Rxd5 Rb6 38. f4 Kg7 39. Kf3 b4 40. Ke4 Kf6 41. Kd4 Ke6 42. Rg5 Kf6 43. Kc4 Re6 44. Kxb4 Rxe3 45. h4 Re8 46. a4 Rb8+ 47. Ka3 Rb6 48. a5 Ra6 49. Ka4 Ke7 50. Kb5 Ra8 51. Rxg6 Kd7 52. b4 Rf8 53. Rg5 Rb8+ 54. Ka4 Kc7 55. Rxh5 {[%emt 0:00:12] b5 would kill now.} Rf8 56. b5 {[%emt 0:00:12] White mates.} Kb8 57. a6 Ka7 58. Ka5 Re8 59. Rh7+ Ka8 60. Rg7 Rd8 61. h5 Rd5 62. h6 Rh5 63. h7 Kb8 64. Rg8+ Ka7 65. Rg5 Rh6 66. b6+ Rxb6 67. Rg7+ Ka8 68. Kxb6 Kb8 69. h8=R# {[%emt 0:00:08] Weighted Error Value: White=0.16 (very precise) /Black=0.46} 1-0

[Event "AUT-ch U14 Boys 2022"]
[Site "Sankt Veit an der Glan"]
[Date "2022.04.13"]
[Round "6.3"]
[White "Feiertag, Jonas"]
[Black "Wimmer, Michael"]
[Result "0-1"]
[ECO "C25"]
[WhiteElo "1289"]
[BlackElo "1753"]
[Annotator "NA RC"]
[PlyCount "58"]
[EventDate "2022.04.11"]
[EventType "swiss"]
[EventCountry "AUT"]
[SourceTitle "playchess.com"]
[Source "ChessBase"]
[SourceQuality "1"]
[TimeControl "5400+30"]

1. e4 e5 2. Nc3 Nc6 3. g3 Bc5 4. Bg2 d6 5. h3 Be6 6. Nge2 Nge7 7. O-O O-O 8. Kh2 d5 9. exd5 Nxd5 10. Ne4 Be7 11. d3 f5 12. N4c3 f4 13. Nxd5 Bxd5 14. gxf4 Bxg2 15. Kxg2 Qd5+ 16. f3 exf4 17. Bxf4 Rxf4 18. Nxf4 Qg5+ 19. Kh1 Qxf4 20. Qe2 Bd6 21. Rg1 Nd4 22. Qg2 Nf5 23. Qf2 Ng3+ 24. Kg2 Qg5 25. h4 Qxh4 26. Qe3 Rf8 27. Qe6+ Kh8 28. Qg4 Qh6 29. Rad1 Nf5 0-1

[Event "AUT-ch U14 Boys 2022"]
[Site "Sankt Veit an der Glan"]
[Date "2022.04.13"]
[Round "6.4"]
[White "Standhartinger, Joachim"]
[Black "Leitgeb, Julian"]
[Result "1/2-1/2"]
[ECO "B45"]
[WhiteElo "1729"]
[BlackElo "2004"]
[Annotator "ChessBase"]
[PlyCount "47"]
[EventDate "2022.04.11"]
[EventType "swiss"]
[EventCountry "AUT"]
[SourceTitle "playchess.com"]
[Source "ChessBase"]
[SourceQuality "1"]
[TimeControl "5400+30"]

1. e4 c5 2. Nf3 e6 3. d4 cxd4 4. Nxd4 Nc6 5. Nc3 Nf6 6. a3 d6 7. Be3 Be7 8. f4 a6 9. Be2 Bd7 10. O-O O-O 11. Qe1 Qc7 12. Kh1 Nxd4 13. Bxd4 b5 14. Qg3 Bc6 15. Bd3 Qb7 16. Rae1 b4 17. axb4 Qxb4 18. Ne2 Qb7 19. Ng1 Rac8 20. Nf3 Nh5 21. Qg4 Nf6 22. Qg3 Nh5 23. Qg4 Nf6 24. Qg3 1/2-1/2

[Event "AUT-ch U14 Boys 2022"]
[Site "Sankt Veit an der Glan"]
[Date "2022.04.13"]
[Round "6.5"]
[White "Haselsberger, Armin"]
[Black "Radnaev, Nomin"]
[Result "1-0"]
[ECO "D02"]
[WhiteElo "1541"]
[BlackElo "1766"]
[Annotator "NA RC"]
[PlyCount "57"]
[EventDate "2022.04.11"]
[EventType "swiss"]
[EventCountry "AUT"]
[SourceTitle "playchess.com"]
[Source "ChessBase"]
[SourceQuality "1"]
[TimeControl "5400+30"]

1. d4 Nf6 2. Bf4 d5 3. Nf3 c5 4. e3 Nc6 5. Nbd2 e6 6. c3 Bd6 7. Bg3 O-O 8. Bd3 b6 9. Ne5 Bb7 10. O-O Ne7 11. h3 Qc7 12. Re1 Ne4 13. Bh2 f6 14. Nef3 Bxh2+ 15. Nxh2 Nxf2 16. Kxf2 Qxh2 17. Qg4 Qd6 18. Kg1 Rae8 19. Nf3 e5 20. dxe5 fxe5 21. e4 dxe4 22. Bxe4 Rf4 23. Bxh7+ Kxh7 24. Qh5+ Qh6 25. Ng5+ Kh8 26. Qxe8+ Ng8 27. Nf7+ Rxf7 28. Qxf7 Qg5 29. Qxb7 1-0

[Event "AUT-ch U14 Boys 2022"]
[Site "Sankt Veit an der Glan"]
[Date "2022.04.13"]
[Round "6.6"]
[White "Schwarz, Felix"]
[Black "Gruenwald, Simon"]
[Result "0-1"]
[ECO "A45"]
[WhiteElo "1831"]
[BlackElo "1584"]
[Annotator "NA RC"]
[PlyCount "42"]
[EventDate "2022.04.11"]
[EventType "swiss"]
[EventCountry "AUT"]
[SourceTitle "playchess.com"]
[Source "ChessBase"]
[SourceQuality "1"]
[TimeControl "5400+30"]

1. d4 Nf6 2. Bf4 g6 3. e3 Bg7 4. Nf3 d6 5. Nbd2 c5 6. c3 O-O 7. Bd3 Nc6 8. Qe2 cxd4 9. exd4 e5 10. dxe5 dxe5 11. Bg3 e4 12. Bxe4 Nxe4 (12... Re8 $15 13. Bh4 Bf5) 13. Nxe4 f5 14. Qc4+ Kh8 15. Nd6 (15. Neg5 $11 {deserves consideration.} Qe8+ 16. Kf1) 15... Qe7+ 16. Kf1 Be6 (16... f4 $5 17. Bxf4 Be6 $15) 17. Qc5 $2 (17. Qf4 $1 $11 {and White stays safe.}) 17... f4 18. Bh4 $19 {[%emt 0:01:09] [#]} Bf6 $2 (18... Qd7 $1 $19 19. Kg1 h6) 19. Bxf6+ Rxf6 20. Ne5 $2 (20. Ne4 $1 $11 {and White stays safe.} Qxc5 21. Nxc5) 20... Nxe5 21. Qxe5 Rd8 0-1

[Event "AUT-ch U14 Boys 2022"]
[Site "Sankt Veit an der Glan"]
[Date "2022.04.13"]
[Round "6.7"]
[White "Gan-Erdene, Ganbat"]
[Black "Maier, Tobias"]
[Result "1-0"]
[ECO "C29"]
[WhiteElo "1526"]
[BlackElo "1388"]
[Annotator "NA RC"]
[PlyCount "83"]
[EventDate "2022.04.11"]
[EventType "swiss"]
[EventCountry "AUT"]
[SourceTitle "playchess.com"]
[Source "ChessBase"]
[SourceQuality "1"]
[TimeControl "5400+30"]

1. e4 e5 2. Nc3 Nf6 3. f4 d5 4. fxe5 Nxe4 5. Qf3 Nxc3 6. bxc3 c5 7. Qg3 Nc6 8. Bb5 g6 9. Ne2 Bg7 10. O-O O-O 11. Bxc6 bxc6 12. d4 Ba6 13. Re1 Qb6 14. Ba3 Bxe2 15. Rxe2 Qa6 16. c4 Qxc4 17. Qd3 Qxd3 18. cxd3 Rfe8 19. Bxc5 a6 20. Rb1 Rab8 21. Reb2 Rb5 22. a4 Rxb2 23. Rxb2 a5 24. Rb6 Rc8 25. Ra6 Bf8 26. Rxa5 Bxc5 27. Rxc5 Kf8 28. Kf2 Ke7 29. Rc2 Kd7 30. Rb2 Kc7 31. Kf3 Ra8 32. Rb4 f6 33. exf6 Rf8 34. a5 Rxf6+ 35. Ke3 g5 36. a6 c5 37. Rb7+ Kc8 38. dxc5 Rxa6 39. Rxh7 Ra4 40. Rh5 d4+ 41. Ke4 g4 42. Rg5 1-0

[Event "AUT-ch U14 Boys 2022"]
[Site "Sankt Veit an der Glan"]
[Date "2022.04.13"]
[Round "6.9"]
[White "Guba, Viktor"]
[Black "Stadlbauer, Maximilian"]
[Result "1-0"]
[ECO "C55"]
[WhiteElo "1598"]
[BlackElo "1450"]
[Annotator "NA RC"]
[PlyCount "105"]
[EventDate "2022.04.11"]
[EventType "swiss"]
[EventCountry "AUT"]
[SourceTitle "playchess.com"]
[Source "ChessBase"]
[SourceQuality "1"]
[TimeControl "5400+30"]

1. e4 e5 2. Nf3 Nc6 3. d4 exd4 4. Bc4 Nf6 5. e5 d5 6. Bb5 Ne4 7. Nxd4 Bd7 8. Bxc6 bxc6 9. O-O Bc5 10. f3 Ng5 11. f4 Ne6 12. Be3 O-O 13. c3 Nxd4 14. cxd4 Bb6 15. f5 Re8 16. Rf3 Rb8 17. b4 a5 18. Rf4 Rxe5 19. bxa5 Rxe3 20. axb6 cxb6 21. Nd2 Qg5 22. Qf1 Rbe8 23. Rf2 h6 24. Nf3 Qe7 25. Rb1 Rb8 26. Rfb2 Ra3 27. Ne5 f6 28. Nxd7 Qxd7 29. Rxb6 Rxb6 30. Rxb6 Rxa2 31. Rb8+ Kh7 32. Qf4 Ra1+ 33. Kf2 Qe7 34. Kg3 Qe1+ 35. Kh3 Ra3+ 36. g3 Qe2 37. Qg4 Qxg4+ 38. Kxg4 Ra4 39. Kh5 Rxd4 40. h4 Ra4 41. Rc8 Ra6 42. g4 d4 43. Rc7 d3 44. Rd7 Ra3 45. g5 hxg5 46. hxg5 fxg5 47. f6 Kg8 48. Kg6 Ra8 49. Rxg7+ Kf8 50. Rh7 Kg8 51. f7+ Kf8 52. Rh8+ Ke7 53. Rxa8 1-0

[Event "AUT-ch U14 Boys 2022"]
[Site "Sankt Veit an der Glan"]
[Date "2022.04.13"]
[Round "6.10"]
[White "Winkelbauer, Christian"]
[Black "Roessler, Felix"]
[Result "1-0"]
[ECO "A15"]
[WhiteElo "1577"]
[BlackElo "1512"]
[Annotator "NA RC"]
[PlyCount "65"]
[EventDate "2022.04.11"]
[EventType "swiss"]
[EventCountry "AUT"]
[SourceTitle "playchess.com"]
[Source "ChessBase"]
[SourceQuality "1"]
[TimeControl "5400+30"]

1. c4 Nf6 2. g3 e6 3. Bg2 d5 4. b3 c5 5. Bb2 Be7 6. d3 Nc6 7. e3 O-O 8. Ne2 Rb8 9. O-O Qd7 10. Nd2 b6 11. d4 Bb7 12. cxd5 exd5 13. Rc1 Qd6 14. h3 Ba6 15. Re1 Nb4 16. dxc5 bxc5 17. Bxf6 Bxf6 18. Ne4 Qb6 19. Nxf6+ Qxf6 20. Nf4 Rfd8 21. Rxc5 d4 22. exd4 Rxd4 23. Qa1 Qd6 24. Rce5 h6 25. Re8+ Rxe8 26. Rxe8+ Kh7 27. Qc3 Nxa2 28. Qc2+ g6 29. Qxa2 Rd2 30. Qa5 Qd4 31. Qc7 Qxf2+ 32. Kh2 Kg7 33. Qe5+ 1-0